 Dungeon Crawl Stone Soup version 0.20-a0-522-g0b37eee (webtiles) character file.

73 Klosterheim the Slasher (level 4, -3/41 HPs)
             Began as a Minotaur Fighter on Jan 25, 2017.
             Slain by a worm (5 damage)
             ... on level 2 of the Dungeon.
             The game lasted 00:01:38 (1389 turns).

Klosterheim the Slasher (Minotaur Fighter)          Turns: 1389, Time: 00:01:40

Health: -3/41      AC:  6    Str: 22    XL:     4   Next: 8%
Magic:  3/3        EV:  7    Int:  5    God:
Gold:   180        SH:  9    Dex:  9    Spells: 3/3 levels left

rFire    . . .     SeeInvis .   a - +0 long sword
rCold    . . .     Gourm    .   b - +0 scale mail
rNeg     . . .     Faith    .   c - +0 shield
rPois    .         Spirit   .   (helmet restricted)
rElec    .         Reflect  .   (no cloak)
rCorr    .         Harm     .   (no gloves)
MR       .....                  (no boots)
Stlth    ..........             (no amulet)
Regen    0.2/turn               (no ring)
                                (no ring)

@: no status effects
A: retaliatory headbutt, horns 2
a: no special abilities


You were on level 2 of the Dungeon.
You were hungry.

You visited 1 branch of the dungeon, and saw 2 of its levels.

You collected 180 gold pieces.

Inventory:

Hand Weapons
 a - a +0 long sword (weapon)
Armour
 b - a +0 scale mail (worn)
 c - a +0 shield (worn)
Jewellery
 m - a cursed ring of teleportation {unknown}
 o - an uncursed amulet of magic regeneration {unknown}
Scrolls
 e - a scroll of blinking {unknown}
 h - a scroll of identify {unknown}
 j - a scroll of enchant weapon {unknown}
 k - a scroll of immolation {unknown}
 n - a scroll of remove curse {unknown}
Potions
 d - 2 potions of might
 l - a potion of brilliance {unknown}
 p - a potion of magic {unknown}
 r - a potion of cure mutation {unknown}
Comestibles
 f - 2 bread rations
 g - 4 meat rations
 i - a chunk of flesh
 q - 2 royal jellies


   Skills:
 + Level 4.4 Fighting
 * Level 4.6 Long Blades
 - Level 3.6 Armour
 - Level 3.6 Shields


You had 3 spell levels left.
You didn't know any spells.

Dungeon Overview and Level Annotations

Branches:
Dungeon (2/15)

Altars:
Fedhas

Annotations:
D:2 Sigmund


Innate Abilities, Weirdness & Mutations

You reflexively headbutt those who attack you in melee.
You have a pair of horns on your head.


Message History

A worm is nearby!
Unknown command.
A worm is nearby!
You are too injured to fight recklessly!
A worm is nearby!
Unknown command.
You are too injured to fight recklessly!
You hit the worm.
The worm is heavily wounded.
You hit the worm.
The worm is almost dead.
Something hits you. Something freezes you. The worm bites you.
You hit the worm.
The worm is almost dead.
Something hits you!
* * * LOW HITPOINT WARNING * * *
Something freezes you.
* * * LOW HITPOINT WARNING * * *
The worm bites you.
You die...

#.#.#........
#.#♣♣♣....... #.♣
♣♣....). #####.♣
♣#####. #.....♣ ##
#.###.♣ ♣
########.....♣♣ ♣
..............♣.♣
♣♣♣
......w@..........
♣..
...................
♣♣P
........{..........
♣P
.........##########
♣. .........# #♣
.........#
.........#
.........#


You could see a worm.

Vanquished Creatures
  3 adders (D:2)
  A worm (D:2)
  2 leopard geckos (D:2)
  2 ball pythons
  5 bats
  3 giant cockroaches
  7 goblins
  5 hobgoblins
  A quokka (D:2)
  3 frilled lizards
  4 kobolds
  2 rats (D:2)
38 creatures vanquished.

Notes
Turn   | Place    | Note
-------+----------+-------------------------------------------
     0 | D:1      | Klosterheim the Minotaur Fighter began the quest for the Orb.
     0 | D:1      | Reached XP level 1. HP: 19/19 MP: 0/0
   149 | D:1      | Reached XP level 2. HP: 27/27 MP: 1/1
   769 | D:2      | Reached XP level 3. HP: 32/34 MP: 2/2
   773 | D:2      | Found a blossoming altar of Fedhas.
  1345 | D:2      | Reached XP level 4. HP: 41/41 MP: 3/3
  1379 | D:2      | Noticed Sigmund
  1389 | D:2      | HP: 2/41 [something (3)]
  1389 | D:2      | Slain by a worm

Vault maps used:
D:1:      dpeg_arrival_another_circle, kennysheep_boxes
D:2:      overflow_temple_1_default, serial_forest, infiniplex_forest_end_2,
          infiniplex_forest_3_way, infiniplex_forest_end_1,
          infiniplex_forest_lined_2, infiniplex_forest_clump_double,
          minmay_pentomino_x2, uniq_sigmund

Skill      XL: |  1  2  3 |
---------------+----------+-----
Long Blades    | 3 4 |  4.6
Fighting       | 4 |  4.4
Armour         | |  3.6
Shields        | |  3.6

Action                   |  1- 3 |  4- 6 || total
-------------------------+-------+-------++-------
Melee: Long sword        |    62 |    10 ||    72
       Headbutt          |     8 |     1 ||     9
  Eat: Chunk             |     1 |       ||     1
Armor: Scale mail        |    31 |     1 ||    32
Dodge: Dodged            |    18 |     4 ||    22
Block: Shield            |    37 |     3 ||    40
       Rpst.: Long sword |     6 |       ||     6
